 Dungeon Crawl Stone Soup version 0.20.1-1-g8b1a95d (webtiles) character file.

91 AverageBear the Cutter (level 4, 13/27 HPs)
             Began as a Deep Elf Fighter on July 25, 2017.
             Quit the game on level 3 of the Dungeon.
             The game lasted 00:02:07 (2371 turns).

AverageBear the Cutter (Deep Elf Fighter)           Turns: 2371, Time: 00:02:07

Health: 13/27      AC:  8    Str: 14 (16) XL:     4   Next: 33%
Magic:  6/6        EV:  6    Int: 14 (15) God:
Gold:   165        SH: 12    Dex: 12 (14) Spells: 3/3 levels left

rFire    . . .     SeeInvis .   a - +0 rapier
rCold    . . .     Gourm    .   c - +0 shield
rNeg     . . .     Faith    .   b - +0 scale mail
rPois    .         Spirit   .   p - +2 hat
rElec    .         Reflect  +   (no cloak)
rCorr    .         Harm     .   (no gloves)
MR       .....                  (no boots)
Stlth    ..........             j - +4 amulet of reflection
Regen    0.1/turn               (no ring)
MPRegen  0.1/turn               (no ring)

@: no status effects
A: clever 1, strong 1
a: no special abilities


You were on level 3 of the Dungeon.
You were not hungry.

You visited 1 branch of the dungeon, and saw 3 of its levels.

You collected 165 gold pieces.

Inventory:

Hand Weapons
 a - a +0 rapier (weapon)
Armour
 b - a +0 scale mail (worn)
 c - a +0 shield (worn)
 p - a +2 hat (worn)
Jewellery
 j - a +4 amulet of reflection (around neck)
Scrolls
 g - a scroll of fog
 h - 2 scrolls of remove curse
Potions
 d - 2 potions of might
 i - 2 potions of curing
Books
 n - a book of Cantrips

   Spells                             Type                      Level
   a - Confusing Touch                Hexes                        1
   b - Animate Skeleton               Necromancy                   1
   c - Summon Small Mammal            Summoning                    1
   d - Apportation                    Translocation                1
Comestibles
 f - a bread ration
 k - 7 chunks of flesh
 l - a meat ration


   Skills:
 - Level 2.4 Fighting
 + Level 4.6 Short Blades
 - Level 2.4 Armour
 - Level 2.4 Shields


You had 3 spell levels left.
You didn't know any spells.

Dungeon Overview and Level Annotations

Branches:
Dungeon (3/15)

Altars:
Ru


Innate Abilities, Weirdness & Mutations

Your mind is acute. (Int +2)
Your muscles are strong. (Str +2)


Message History

You are too injured to fight recklessly!
You are too injured to fight recklessly!
You are too injured to fight recklessly!
You are too injured to fight recklessly!
You are too injured to fight recklessly!
You are too injured to fight recklessly!
You are too injured to fight recklessly!
You are too injured to fight recklessly!
You are too injured to fight recklessly!
You are too injured to fight recklessly!
You are too injured to fight recklessly!
You are too injured to fight recklessly!
You are too injured to fight recklessly!
You are too injured to fight recklessly!
You are too injured to fight recklessly!
You are too injured to fight recklessly!
You are too injured to fight recklessly!
You are too injured to fight recklessly!
You are too injured to fight recklessly!
Are you sure you want to abandon this character and quit the game? (Confirm with "yes".)

........#####..#
........# .#.# #
........######...# .
###.##...........##.
#.##.............
#.##.........#..# #
#.##.........#o.#.# # #
#.##.........#)o#.#.##
#.)......##@o......
#........##....#.##
#######.#######........
...................#.##
##....#.###............
#.....#..............#.
#........##...##.......
#..................####
#......^.########.##


You could see 3 orcs.

Vanquished Creatures
  2 adders
  An ooze (D:1)
  3 worms (D:2)
  2 dart slugs (D:1)
  A leopard gecko (D:2)
  An orc (D:3)
  7 bats
  4 giant cockroaches
  5 goblins
  6 hobgoblins
  8 kobolds
  2 quokkas (D:2)
  A ball python (D:3)
  5 frilled lizards
  6 rats
54 creatures vanquished.

Notes
Turn   | Place    | Note
-------+----------+-------------------------------------------
     0 | D:1      | AverageBear the Deep Elf Fighter began the quest for the Orb.
     0 | D:1      | Reached XP level 1. HP: 13/13 MP: 3/3
   161 | D:1      | Reached XP level 2. HP: 18/18 MP: 4/4
   475 | D:1      | Reached skill level 3 in Short Blades
   845 | D:1      | Reached XP level 3. HP: 17/22 MP: 5/5
   885 | D:1      | Gained mutation: Your system is resistant to poisons. (rPois) [potion of mutation]
   885 | D:1      | Gained mutation: You passively map a small area around you. [potion of mutation]
   885 | D:1      | Gained mutation: You are somewhat resistant to further mutation. [potion of mutation]
  1446 | D:2      | Reached skill level 4 in Short Blades
  1539 | D:2      | Found a sacrificial altar of Ru.
  1696 | D:2      | Lost mutation: You passively map a small area around you. [potion of mutation]
  1696 | D:2      | Lost mutation: You are somewhat resistant to further mutation. [potion of mutation]
  1696 | D:2      | Lost mutation: Your system is resistant to poisons. (rPois) [potion of mutation]
  1696 | D:2      | Gained mutation: Your muscles are strong. (Str +2) [potion of mutation]
  1696 | D:2      | Gained mutation: Your mind is acute. (Int +2) [potion of mutation]
  1861 | D:2      | Reached XP level 4. HP: 17/27 MP: 6/6
  2371 | D:3      | Quit the game

Skill      XL: |  1  2  3 |
---------------+----------+-----
Short Blades   | 3 4 |  4.6
Fighting       | |  2.4
Armour         | |  2.4
Shields        | |  2.4

Action                   |  1- 3 |  4- 6 || total
-------------------------+-------+-------++-------
Melee: Rapier            |   172 |    41 ||   213
  Use: Scroll            |     5 |     3 ||     8
       Potion            |     2 |     2 ||     4
  Eat: Chunk             |     3 |     2 ||     5
Armor: Scale mail        |    69 |    18 ||    87
Dodge: Dodged            |    33 |    10 ||    43
Block: Shield            |   100 |    39 ||   139
       Reflection        |     1 |       ||     1
